[Event "Late-Titled-Tuesday-Blitz-April-30-2024"]
[Site "Chess.com"]
[Date "2024.04.30"]
[Round "2"]
[White "Meri-Arabidze"]
[Black "Andrii_Prydun"]
[Result "1-0"]
[WhiteElo "2684"]
[BlackElo "2372"]
[TimeControl "180+1"]
[EndTime "14:18:23 PDT"]
[Termination "Meri-Arabidze won by resignation"]

1. Nf3 d5 2. c4 Be6 3. cxd5 Bxd5 4. e3 c6 5. Nc3 Bxf3 6. Qxf3 e5 7. Be2 Nf6 8. O-O Nbd7 9. Rd1 Bc5 10. d4 exd4 11. exd4 Bd6 12. Bg5 O-O 13. Bd3 Re8 14.
Qh3 h6 15. Be3 Nb6 16. Bf5 Nbd5 17. Nxd5 Nxd5 18. Bxh6 gxh6 19. Qxh6 Qf6 20. Qh7+ Kf8 21. Re1 Qxd4 22. Qh6+ Qg7 23. Qxd6+ Kg8 24. h3 Qxb2 25. Qd7 Red8 26. Rab1 Qf6 27. Qxb7 Qxf5 28. Qxc6 Nf4 29. Qf3 Rd5 30. Rb3 Rad8 31. Rbe3 Ne6 32. Qg3+ Qg5 33. Qh2 Ra5 34. Rg3 Rxa2 35. Rxg5+ Nxg5 36. Qg3 f6 37. h4 1-0

[Event "Late-Titled-Tuesday-Blitz-April-30-2024"]
[Site "Chess.com"]
[Date "2024.04.30"]
[Round "2"]
[White "wadsy27"]
[Black "dropstoneDP"]
[Result "0-1"]
[WhiteElo "2619"]
[BlackElo "3002"]
[TimeControl "180+1"]
[EndTime "14:18:25 PDT"]
[Termination "dropstoneDP won by resignation"]

1. Nf3 Nf6 2. g3 c5 3. Bg2 Nc6 4. c4 d5 5. cxd5 Nxd5 6. Nc3 Nxc3 7. bxc3 e5 8. O-O Be7 9. d3 O-O 10. Nd2 Be6 11. Rb1 Qd7 12. Nc4 Rab8 13. f4 b5 14. Nxe5 Nxe5 15. fxe5 Bxa2 16. Ra1 Be6 17. Be3 Qc7 18.
d4 Bc4 19. d5 Qxe5 20. Bf4 Qxc3 21. Bxb8 Rxb8 22. Rxa7 Qe5 23. Qa1 Qe3+ 24. Kh1 h5 25. Ra8 Rxa8 26. Qxa8+ Kh7 27. Qc8 Qe5 28. Rxf7 Bf6 29.
Bf3 Bxe2 30. Rxf6 gxf6 31. Bxe2 Qxe2 32. Qd7+ Kg6 33. Kg1 b4 34. d6 b3 35. Qd8 Qd1+ 36. Kf2 Qd4+ 37. Ke2 Qe4+ 38. Kd2 Qc2+ 39. Ke3 Qc3+ 40.
Ke2 Qc4+ 41. Ke3 b2 42. Qe8+ Kg7 43. Qe7+ Qf7 44. Qd8 b1=Q 0-1

[Event "Late-Titled-Tuesday-Blitz-April-30-2024"]
[Site "Chess.com"]
[Date "2024.04.30"]
[Round "2"]
[White "nitpicker"]
[Black "Rytenko_V"]
[Result "1/2-1/2"]
[WhiteElo "2236"]
[BlackElo "2491"]
[TimeControl "180+1"]
[EndTime "14:18:25 PDT"]
[Termination "Game drawn - insufficient material"]

1. d4 Nf6 2. c4 e6 3. g3 d5 4.
Nf3 Bb4+ 5. Bd2 a5 6. Qc2 O-O 7.
Bg2 Nc6 8. O-O dxc4 9. Qxc4 Qd5 10. Rc1 Qxc4 11. Rxc4 Rd8 12. a3 Be7 13. Nc3 Bd7 14. Nb5 Rac8 15. Rac1 Be8 16. e3 Ne4 17. Be1 Nd6 18.
Nxd6 cxd6 19. Nd2 d5 20. R4c2 Na7 21. Bf1 Rxc2 22. Rxc2 Bd6 23. Bd3 g6 24. Nb1 b5 25.
Bxa5 Rd7 26. Nc3 Rb7 27. Na2 Nc6 28. Bd2 Kf8 29. f3 b4 30. axb4 Nxb4 31. Nxb4 Bxb4 32.
Bc3 Ke7 33. Kf2 Ba4 34. Rd2 Bxc3 35. bxc3 Rc7 36. Ra2 Rxc3 37. Bxg6 hxg6 38. Rxa4 Rc2+ 39. Kg1 g5 40. Ra1 Re2 41. Ra3 Kf6 42. h3 Kg6 43.
Rc3 f6 44. h4 gxh4 45. gxh4 Kh5 46. Kf1 Rd2 47. Rc6 e5 48. dxe5 fxe5 49. Re6 Kxh4 50.
Rxe5 Kg3 51. Rf5 Rf2+ 52. Ke1 Ra2 53. e4 dxe4 54. fxe4 Ra4 55. Re5 Kf4 56. Re8 Rxe4+ 57. Rxe4+ Kxe4 1/2-1/2

[Event "Late-Titled-Tuesday-Blitz-April-30-2024"]
[Site "Chess.com"]
[Date "2024.04.30"]
[Round "2"]
[White "HipsterChess22"]
[Black "kalinchick"]
[Result "1/2-1/2"]
[WhiteElo "2187"]
[BlackElo "2470"]
[TimeControl "180+1"]
[EndTime "14:18:25 PDT"]
[Termination "Game drawn by repetition"]

1. d4 Nf6 2. Nc3 d5 3. Bf4 a6 4.
e3 Bf5 5. Bd3 e6 6. Bxf5 exf5 7.
Qd3 Qd7 8. h3 Nc6 9. Nf3 O-O-O 10. Ne2 Ne4 11. O-O f6 12. Bh2 g5 13. Nd2 Bd6 14. Bxd6 Qxd6 15. f3 Nxd2 16. Qxd2 Rde8 17. Rae1 h5 18. Qd3 Qd7 19. Ng3 Ne7 20. e4 f4 21.
Nf5 Nxf5 22. exf5 Re7 23. Rxe7 Qxe7 24. c4 Re8 25. cxd5 Qe2 26. Qxe2 Rxe2 27. Rf2 Re1+ 28. Rf1 Rxf1+ 29. Kxf1 Kd7 30. Ke2 Kd6 31. Kd3 Kxd5 32. b3 h4 33. Kc3 c5 34. dxc5 Kxc5 35.
a3 Kd5 36. Kd3 b5 37. Kc3 a5 38. b4 a4 39. Kd3 Ke5 40. Kc3 Kd5 41. Kd3 Kc6 42.
Kd4 Kd6 43. Kc3 Ke5 44. Kd3 Kd5 45. Kc3 Kc6 46. Kd3 Kd6 47. Kd4 Kc6 48. Kc3 Kd6 49. Kd4 Kc6 50. Kc3 Kd6 51. Kd4 1/2-1/2

[Event "Late-Titled-Tuesday-Blitz-April-30-2024"]
[Site "Chess.com"]
[Date "2024.04.30"]
[Round "2"]
[White "AryanTari"]
[Black "xberli"]
[Result "1-0"]
[WhiteElo "3007"]
[BlackElo "2620"]
[TimeControl "180+1"]
[EndTime "14:18:27 PDT"]
[Termination "AryanTari won by resignation"]

1. h3 d5 2. Nf3 Nf6 3. d4 g6 4. Bf4 Bg7 5. e3 O-O 6. Be2 c5 7. c3 Nfd7 8. Nbd2 Nc6 9. O-O Re8 10. Qb3 e5 11. dxe5 Ndxe5 12. Nxe5 Nxe5 13. Nf3 Nc6 14. Rfd1 d4 15. cxd4 cxd4 16. Ng5 Qf6 17. Bc4 Re7 18.
Bd5 Bf5 19. Nxf7 Rxf7 20. Qxb7 Rc8 21. Rac1 Be6 22. Rxc6 Rxc6 23. Qxc6 Bxd5 24. Qxd5 dxe3 25. Bxe3 Qxb2 26. Qc4 Bf6 27. Rd7 Qa1+ 28. Kh2 Qe5+ 29. Bf4 Qe8 30. Rxa7 g5 31. Bd6 Kg7 32. Qxf7+ Qxf7 33. Rxf7+ Kxf7 34. a4 Ke6 35. Bc5 Kd5 36. Be3 Be5+ 37.
g3 h6 38. a5 Kc6 39. a6 Bc7 40. Kg2 Bd6 41. Kf3 Bb8 42. a7 1-0

[Event "Late-Titled-Tuesday-Blitz-April-30-2024"]
[Site "Chess.com"]
[Date "2024.04.30"]
[Round "2"]
[White "scandalgod"]
[Black "teresin05"]
[Result "1-0"]
[WhiteElo "2506"]
[BlackElo "2265"]
[TimeControl "180+1"]
[EndTime "14:18:27 PDT"]
[Termination "scandalgod won by checkmate"]

1. d4 d5 2. c4 c6 3. Nc3 dxc4 4. a4 e5 5. e3 exd4 6. exd4 Be6 7. Nf3 Na6 8. Be2 Be7 9. O-O c5 10. d5 Bg4 11. Bxc4 Nf6 12. Bb5+ Bd7 13. d6 Bxb5 14.
axb5 Bxd6 15. bxa6 O-O 16. axb7 Rb8 17. Bg5 h6 18. Bxf6 Qxf6 19. Ne4 Bxh2+ 20. Nxh2 Qxb2 21.
Rb1 Qe5 22. Re1 Rfd8 23. Qg4 f5 24. Nf3 Qxe4 25. Rxe4 fxg4 26. Rxg4 Rd7 27. Rc4 Rdxb7 28. Rxb7 Rxb7 29. Rxc5 Rb1+ 30. Kh2 Rb2 31. Kg3 Ra2 32. Rc7 a5 33. Ra7 a4 34. Nh4 Ra3+ 35. f3 Rd3 36.
Nf5 a3 37. Rxg7+ Kh8 38. Ra7 h5 39. Nh4 Rb3 40. Ng6+ Kg8 41. Nf4 h4+ 42. Kxh4 Re3 43. Kg5 Rb3 44. Nh5 Rb5+ 45. Kg4 Rb4+ 46. f4 Rb3 47.
Kg5 Rb2 48. g4 a2 49. f5 Rg2 50. Nf6+ Kf8 51. Ne4 Ke8 52. f6 Kf8 53. Nd6 Rd2 54. Ra8# 1-0

[Event "Late-Titled-Tuesday-Blitz-April-30-2024"]
[Site "Chess.com"]
[Date "2024.04.30"]
[Round "2"]
[White "RandomNoob04"]
[Black "wild3000"]
[Result "1-0"]
[WhiteElo "2733"]
[BlackElo "2508"]
[TimeControl "180+1"]
[EndTime "14:18:28 PDT"]
[Termination "RandomNoob04 won by resignation"]

1. e4 c5 2. d4 cxd4 3. c3 d3 4. Bxd3 d6 5. Nf3 Nc6 6. h3 Nf6 7. O-O g6 8. c4 Bg7 9. Nc3 O-O 10. Be3 b6 11. Rc1 Bb7 12. Qe2 Rc8 13. Rfd1 Qc7 14. Bg5 Qb8 15. Nd5 Rfe8 16. Nxf6+ exf6 17. Bf4 Ne5 18. Bb1 f5 19. Nd2 fxe4 20. Bxe4 f5 21. Bxb7 Qxb7 22.
Qf1 h6 23. Nb3 Rcd8 24. Rd5 g5 25. Be3 f4 26. Bd4 f3 27. g3 Qf7 28. Qd1 Qf5 29.
Kh2 h5 30. Bxe5 Bxe5 31. Nd4 Qg6 32. Nxf3 Bxb2 33. Rxg5 Qxg5 34. Nxg5 Bxc1 35. Qxc1 Re2 36. Kg2 Rf8 37. Nf3 Rxa2 38. Qg5+ Kf7 39. Qxh5+ Ke7 40.
Qh7+ Rf7 41. Qe4+ Kf8 42. Qd4 Ke7 43. Ng5 Rfxf2+ 44. Qxf2 Rxf2+ 45. Kxf2 a5 46. Ne4 Ke6 47. Nc3 Ke5 48. Ke3 d5 49. cxd5 1-0

[Event "Late-Titled-Tuesday-Blitz-April-30-2024"]
[Site "Chess.com"]
[Date "2024.04.30"]
[Round "2"]
[White "CrushingKings"]
[Black "Durarbayli"]
[Result "1-0"]
[WhiteElo "2616"]
[BlackElo "2921"]
[TimeControl "180+1"]
[EndTime "14:18:30 PDT"]
[Termination "CrushingKings won on time"]

1. Nf3 b6 2. g3 Bb7 3. Bg2 Nf6 4.
O-O c5 5. c4 e6 6. Nc3 Be7 7. d4 cxd4 8. Qxd4 d6 9. Rd1 a6 10. Be3 Nbd7 11. Na4 Rb8 12. b3 b5 13.
cxb5 axb5 14. Nb2 O-O 15. Rac1 Qa5 16. a4 bxa4 17. Nxa4 Bd5 18. Nc3 Bxb3 19. Ra1 Qd8 20.
Rdb1 d5 21. Bf4 Rb4 22. Qd2 Bc4 23. Rc1 Bc5 24. h3 Qb6 25. e3 Rb2 26. Qe1 Bb4 27. Ne5 Nxe5 28. Bxe5 Nd7 29. Bd4 Qd8 30. Qd1 Rb3 31.
Nb5 e5 32. Bc3 Bc5 33. Na7 Qa8 34. Qg4 Rb7 35. Nc6 Qe8 36. Na5 Ra7 37. Nxc4 dxc4 38. Qxc4 Qe7 39. Rxa7 Bxa7 40. Bb4 Qf6 41. Bxf8 Nxf8 42.
Qc7 Bb6 43. Qc6 Bd8 44. Bd5 Qf5 45. Kg2 h5 46. h4 g5 47. Be4 Qg4 48. Bf3 Qf5 49.
hxg5 Bxg5 50. Rc4 1-0

[Event "Late-Titled-Tuesday-Blitz-April-30-2024"]
[Site "Chess.com"]
[Date "2024.04.30"]
[Round "2"]
[White "imdvb6307"]
[Black "ViktoriyaTarasova"]
[Result "1-0"]
[WhiteElo "2528"]
[BlackElo "2320"]
[TimeControl "180+1"]
[EndTime "14:18:30 PDT"]
[Termination "imdvb6307 won by resignation"]

1. d4 Nf6 2. Nf3 e6 3. Bg5 d5 4. e3 Be7 5. Nbd2 h6 6. Bh4 c5 7.
c3 Nc6 8. Bd3 O-O 9. O-O b6 10.
Ne5 Bb7 11. f4 Nd7 12. Bxe7 Qxe7 13. Qh5 Nf6 14. Qh4 Ne4 15. Qxe7 Nxe7 16. Bxe4 dxe4 17. dxc5 bxc5 18. c4 Rfd8 19. Rfd1 f6 20. Ng4 Nf5 21. Nb3 Ba6 22. Nxc5 Bxc4 23. Rxd8+ Rxd8 24. Nxe4 h5 25. Ngf2 Nxe3 26. b3 Bd5 27. Re1 Nf5 28. Nc3 Kf7 29.
Rd1 Ne7 30. Nfe4 Kg6 31. Nc5 Kf5 32. g3 Rc8 33. b4 h4 34. Nb5 Rh8 35. Nd4+ Kg4 36.
gxh4 Kxf4 37. Ndxe6+ Kg4 38. Rd4+ Kh5 39. Nf4+ Kh6 40.
Nxd5 Rd8 41. Nxe7 Rxd4 42. Nf5+ Kh5 43. Nxd4 Kxh4 44. Nc6 1-0

[Event "Late-Titled-Tuesday-Blitz-April-30-2024"]
[Site "Chess.com"]
[Date "2024.04.30"]
[Round "2"]
[White "BardArtem"]
[Black "miaou33"]
[Result "1-0"]
[WhiteElo "2785"]
[BlackElo "2545"]
[TimeControl "180+1"]
[EndTime "14:18:31 PDT"]
[Termination "BardArtem won on time"]

1. e4 c5 2. Nf3 d6 3. d4 cxd4 4. Nxd4 Nf6 5. Nc3 a6 6. Bg5 Nbd7 7. Bc4 Qc7 8. Bb3 Nc5 9. O-O Nxb3 10. axb3 e6 11. Bxf6 gxf6 12. f4 h5 13. f5 e5 14.
Nf3 b5 15. Kh1 Bb7 16. Nd5 Qd8 17. c4 Be7 18. cxb5 axb5 19. Rxa8 Bxa8 20. Qd3 Bc6 21.
Rc1 Bd7 22. Nc7+ Kf8 23. Nxb5 Qb6 24. Nc7 h4 25. Nd5 Qf2 26. h3 Rg8 27. Rc2 Qa7 28. Rc7 Qf2 29. Rc2 Qa7 30. b4 Bd8 31. Kh2 Rg3 32.
Qe3 Qa4 33. b3 Qa1 34. Qh6+ Rg7 35. Nxf6 Bxf6 36. Qxf6 Qf1 37. Qxd6+ Ke8 38. Qxe5+ Kf8 39. Qd6+ Ke8 40. f6 Rxg2+ 41. Rxg2 Qxg2+ 42. Kxg2 Bxh3+ 43. Kf2 1-0

[Event "Late-Titled-Tuesday-Blitz-April-30-2024"]
[Site "Chess.com"]
[Date "2024.04.30"]
[Round "2"]
[White "SchmakAttack"]
[Black "patzer-reloaded"]
[Result "1-0"]
[WhiteElo "2821"]
[BlackElo "2559"]
[TimeControl "180+1"]
[EndTime "14:18:32 PDT"]
[Termination "SchmakAttack won by resignation"]

1. e4 d6 2. d4 Nf6 3. Nc3 g6 4. g3 Bg7 5. Bg2 O-O 6. Nge2 Nbd7 7. O-O c5 8. h3 Rb8 9. a4 b6 10. Be3 a6 11. d5 b5 12. axb5 axb5 13. Qd2 b4 14. Nd1 Nb6 15. Bh6 Ne8 16. Bxg7 Kxg7 17.
Ne3 Nc7 18. Ra7 Nb5 19. Ra2 Bd7 20. Rfa1 Qc7 21. c4 bxc3 22. bxc3 e5 23. dxe6 Bxe6 24. Ra5 Nc4 25. Nxc4 Bxc4 26. Nf4 Qe7 27. Nd5 Bxd5 28. exd5 Qf6 29. Rc1 Rb6 30. h4 h5 31. Ra4 Rfb8 32.
Rf4 Qe5 33. Rf3 Na3 34. Re1 Rb1 35. Rxb1 Rxb1+ 36. Kh2 Qe1 37. Qf4 Qe5 38. Qxf7+ Kh6 39. Qf8+ Qg7 40. Qxd6 Nc4 41. Qf4+ Kh7 42. Qxc4 Re1 43.
d6 Rd1 44. Rf7 1-0

[Event "Late-Titled-Tuesday-Blitz-April-30-2024"]
[Site "Chess.com"]
[Date "2024.04.30"]
[Round "2"]
[White "mjelcic"]
[Black "slidingknight2775"]
[Result "0-1"]
[WhiteElo "2341"]
[BlackElo "2631"]
[TimeControl "180+1"]
[EndTime "14:18:32 PDT"]
[Termination "slidingknight2775 won on time"]

1. d4 Nf6 2. c4 g6 3. Nc3 Bg7 4.
e4 d6 5. Bg5 O-O 6. h3 c5 7.
dxc5 Qa5 8. Qd2 Qxc5 9. Nf3 a6 10. Bd3 Nc6 11. O-O Ne5 12. Nxe5 Qxe5 13. Bxf6 Bxf6 14.
Nd5 Bg7 15. f4 Qd4+ 16. Kh1 Be6 17. Nxe7+ Kh8 18. f5 Bxc4 19. Rad1 Bxd3 20. Qxd3 Qxd3 21. Rxd3 Be5 22. b3 Rfe8 23. Nd5 Rac8 24. fxg6 fxg6 25.
Rdf3 Kg7 26. Rf7+ Kh6 27. Rxb7 Rf8 28. Re1 Bg3 29. Rd1 Rce8 30. Ne7 Kh5 31. Kg1 Rf7 32. Rd5+ Be5 33. g4+ Kg5 34. h4+ Kxg4 0-1

[Event "Late-Titled-Tuesday-Blitz-April-30-2024"]
[Site "Chess.com"]
[Date "2024.04.30"]
[Round "2"]
[White "profedechess93"]
[Black "AungTZ"]
[Result "1-0"]
[WhiteElo "2673"]
[BlackElo "2151"]
[TimeControl "180+1"]
[EndTime "14:18:34 PDT"]
[Termination "profedechess93 won by resignation"]

1. e4 c5 2. Nf3 Nc6 3. Bb5 e6 4. c3 Nge7 5. d4 cxd4 6. cxd4 d5 7. e5 a6 8. Bd3 Nf5 9. Bc2 Qb6 10. Bxf5 exf5 11.
Nc3 Be6 12. O-O Be7 13. h4 h6 14. h5 O-O 15. Rb1 f6 16. Bf4 fxe5 17. Bxe5 Nxe5 18.
Nxe5 Bf6 19. Re1 Rfe8 20. Na4 Qd6 21. Nc5 Bc8 22. Ncd3 b6 23. Rc1 Bd7 24. Qb3 Kh7 25. f4 Rac8 26. Rxc8 Bxc8 27. Rc1 Bd7 28. Nb4 Bxe5 29.
dxe5 Qe7 30. Nxd5 Qh4 31. Nf6+ Kh8 32. Nxe8 Qxf4 33. Re1 Bxe8 34. Qxb6 Bxh5 35. e6 Qg3 36. Qf2 Qd6 37. e7 Be8 38. Qxf5 1-0

[Event "Late-Titled-Tuesday-Blitz-April-30-2024"]
[Site "Chess.com"]
[Date "2024.04.30"]
[Round "2"]
[White "toninhojit"]
[Black "ameetghasi100"]
[Result "0-1"]
[WhiteElo "2561"]
[BlackElo "2822"]
[TimeControl "180+1"]
[EndTime "14:18:36 PDT"]
[Termination "ameetghasi100 won by resignation"]

1. e4 d6 2. d4 g6 3. Nc3 Bg7 4. Nf3 Nf6 5. Be2 O-O 6. h3 Nc6 7. O-O a6 8. a4 b6 9. d5 Nb4 10. a5 c6 11. dxc6 bxa5 12. Nd4 Qc7 13. Bg5 e6 14. Bf3 Rb8 15. Qd2 Ne8 16. Bh6 Nxc6 17. Nxc6 Qxc6 18. Bxg7 Nxg7 19. b3 Qc7 20. Ne2 Rb4 21. Nc1 Bb7 22. Nd3 Rb5 23. Ra4 Rc8 24. Rc4 Qd8 25. Rxc8 Bxc8 26. Ra1 e5 27. Nb2 Ne6 28.
Nc4 Nd4 29. Bd1 Be6 30. Nxa5 Qb6 31. Kh2 Kg7 32. Nc4 Bxc4 33. bxc4 Rc5 34. c3 Ne6 35.
Be2 Qc6 36. f3 Nf4 37. Bf1 Qb6 38. Rd1 Rc6 39. Qa2 Ne6 40. Rb1 Qc7 41. Qd2 Nc5 42. Qd5 Rb6 43. Rxb6 Qxb6 44. h4 h5 45. Qa8 a5 46. g4 hxg4 47. h5 gxh5 48. fxg4 hxg4 49. Qc8 Ne6 50. Kg2 Qe3 51. Qd7 0-1

[Event "Late-Titled-Tuesday-Blitz-April-30-2024"]
[Site "Chess.com"]
[Date "2024.04.30"]
[Round "2"]
[White "lupta_robin"]
[Black "sergiochess83"]
[Result "1/2-1/2"]
[WhiteElo "2595"]
[BlackElo "2903"]
[TimeControl "180+1"]
[EndTime "14:18:37 PDT"]
[Termination "Game drawn by repetition"]

1. b3 d5 2. Bb2 c5 3. e3 Nf6 4. Nf3 g6 5. c4 dxc4 6. Bxc4 Bg7 7. O-O O-O 8. d4 Ne4 9. Qe2 Bg4 10. h3 Bxf3 11. Qxf3 Nd6 12. Bd5 cxd4 13. Bxb7 Nxb7 14. Qxb7 Qb6 15. Qxb6 axb6 16. Bxd4 Bxd4 17. exd4 Nc6 18. d5 Nd4 19. Nd2 Nc2 20. Rac1 Rxa2 21. Nc4 Nd4 22. Rcd1 Nxb3 23. Nxb6 Rd8 24. Rfe1 Kf8 25. g3 Rd2 26. Rxd2 Nxd2 27. Rd1 Ne4 28. Kg2 Nf6 29. Kf3 Rd6 30. Rb1 Nxd5 31. Nxd5 Rxd5 32.
h4 f5 33. Rb6 Kf7 34. h5 g5 35.
Rh6 Kg7 36. Re6 Rd7 37. g4 fxg4+ 38. Kxg4 h6 39. Rg6+ Kh7 40. Re6 Rd4+ 41. Kg3 Rd7 42. Kg4 Rd4+ 43. Kg3 Rd7 44. Kg4 1/2-1/2

[Event "Late-Titled-Tuesday-Blitz-April-30-2024"]
[Site "Chess.com"]
[Date "2024.04.30"]
[Round "2"]
[White "vladoboch"]
[Black "ChEsper99"]
[Result "1-0"]
[WhiteElo "2503"]
[BlackElo "2239"]
[TimeControl "180+1"]
[EndTime "14:18:37 PDT"]
[Termination "vladoboch won on time"]

1. e4 c6 2. d4 d5 3. e5 Bf5 4. h4 h5 5. c4 e6 6. Nc3 dxc4 7. Bxc4 Bb4 8. Ne2 Ne7 9. a3 Ba5 10. Bg5 Qc7 11. Rc1 Nd7 12. Bxe7 Kxe7 13. O-O Nb6 14.
Bd3 Bxd3 15. Qxd3 Bxc3 16. bxc3 g6 17. Qg3 Rhd8 18. c4 Kf8 19. Rfd1 c5 20. Qe3 Rac8 21. d5 exd5 22. e6 d4 23. Qh6+ Kg8 24. Nf4 fxe6 25.
Qxg6+ Qg7 26. Qxg7+ Kxg7 27. Nxe6+ Kf6 28. Nxd8 Rxd8 29. Kf1 Na4 30. Rd3 b6 31. Ke2 Re8+ 32. Kd2 Nc3 33. Rf3+ Kg6 34. Re1 Rxe1 35. Kxe1 a6 36.
Kd2 Na4 37. Rb3 1-0

[Event "Late-Titled-Tuesday-Blitz-April-30-2024"]
[Site "Chess.com"]
[Date "2024.04.30"]
[Round "2"]
[White "rhwr"]
[Black "NikitaShnadrygin"]
[Result "0-1"]
[WhiteElo "2282"]
[BlackElo "2678"]
[TimeControl "180+1"]
[EndTime "14:18:39 PDT"]
[Termination "NikitaShnadrygin won on time"]

1. e4 c5 2. Be2 e6 3. f4 d5 4.
d3 dxe4 5. dxe4 Qxd1+ 6. Bxd1 b6 7. Nf3 Bb7 8. Nbd2 Nc6 9. c3 Nf6 10. Bc2 e5 11. f5 h6 12. Nc4 Nd7 13. a4 a6 14. Ke2 b5 15. axb5 axb5 16. Rxa8+ Bxa8 17. Ne3 Nb6 18. Rd1 Be7 19. Nd5 Bd8 20. Be3 Nd7 21. b4 c4 22. g4 Bb7 23. h4 Ne7 24.
g5 Nxd5 25. exd5 hxg5 26. hxg5 Rh3 27. Be4 f6 28. g6 Bb6 29. Ra1 Bxe3 30. Kxe3 Nb6 31.
Ra7 Nxd5+ 32. Kd2 Bc6 33. Rxg7 Rg3 34. Rg8+ Ke7 35. Rg7+ Kf8 36. Rf7+ Ke8 37. Rg7 Rg2+ 38. Ke1 Rg4 39. Rg8+ Ke7 40. Rg7+ Kf8 41. Rf7+ Ke8 42.
Bxd5 Bxd5 0-1

[Event "Late-Titled-Tuesday-Blitz-April-30-2024"]
[Site "Chess.com"]
[Date "2024.04.30"]
[Round "2"]
[White "kalxandria"]
[Black "Lady_Nika"]
[Result "1-0"]
[WhiteElo "2240"]
[BlackElo "2480"]
[TimeControl "180+1"]
[EndTime "14:18:39 PDT"]
[Termination "kalxandria won by resignation"]

1. e4 c5 2. Nf3 e6 3. d4 cxd4 4. Nxd4 a6 5. c4 Nc6 6. Nc3 Qc7 7. Be3 Nf6 8. Be2 Bb4 9. Nxc6 dxc6 10. Qb3 Bxc3+ 11.
Qxc3 Nxe4 12. Qxg7 Qa5+ 13. Kf1 Rf8 14. Bh6 Nd2+ 15.
Kg1 Qb4 16. Qxf8+ Qxf8 17. Bxf8 Kxf8 18. Rd1 Ne4 19. Rd8+ Ke7 20. Rh8 b5 21. f3 Nf6 22.
Kf2 Bb7 23. Rxa8 Bxa8 24. cxb5 cxb5 25. b4 Nd5 26. a3 Bc6 27. Rc1 Kd6 28. g3 h6 29. f4 Nf6 30. Bf3 Bd7 31. g4 e5 32.
f5 e4 33. Be2 Ke5 34. Rc7 e3+ 35. Ke1 Kd6 36. Ra7 Ke5 37. Rxa6 Nd5 38. Rxh6 Nf4 39.
Rb6 f6 40. Rxb5+ Kd4 41. Rb6 Ke5 42. b5 Be8 43. Re6+ Nxe6 44. fxe6 Kxe6 45. a4 Kd5 46. a5 Kc5 47. a6 Kb6 48. h4 1-0

[Event "Late-Titled-Tuesday-Blitz-April-30-2024"]
[Site "Chess.com"]
[Date "2024.04.30"]
[Round "2"]
[White "GMKrikor"]
[Black "guillembaches"]
[Result "1/2-1/2"]
[WhiteElo "2879"]
[BlackElo "2592"]
[TimeControl "180+1"]
[EndTime "14:18:40 PDT"]
[Termination "Game drawn by repetition"]

1. Nf3 Nf6 2. c4 e6 3. Nc3 d5 4. d4 a6 5. Qc2 c5 6. cxd5 exd5 7. Bg5 cxd4 8. Nxd4 Nc6 9. Qd3 Be7 10. e3 h6 11.
Bh4 O-O 12. Be2 Qb6 13. O-O Nxd4 14. Qxd4 Qxd4 15. exd4 Be6 16. Bd3 g5 17. Bg3 Nh5 18. Be5 f6 19. Bc7 Rfc8 20. Rfe1 Rxc7 21. Rxe6 Nf4 22. Re3 Rd8 23. Bf1 Bb4 24. g3 Bxc3 25. bxc3 Ng6 26. a4 Kf7 27. Rb1 Rd6 28. Bg2 Ne7 29. Kf1 Re6 30. Rb3 Rxe3 31. fxe3 f5 32. Ke2 Ke6 33. Kd3 Nc8 34. Rb4 Nd6 35. Rb6 Rc6 36.
Rb1 Ne4 37. Rb3 b6 38. Bf3 a5 39. Bg2 Nd6 40. Bf3 Ne4 41. Be2 Nd6 42. Bf3 Ne4 1/2-1/2

[Event "Late-Titled-Tuesday-Blitz-April-30-2024"]
[Site "Chess.com"]
[Date "2024.04.30"]
[Round "2"]
[White "WPWPWP-2015"]
[Black "bubeliang"]
[Result "1-0"]
[WhiteElo "2487"]
[BlackElo "2805"]
[TimeControl "180+1"]
[EndTime "14:18:40 PDT"]
[Termination "WPWPWP-2015 won by checkmate"]

1. e4 c6 2. Nc3 d5 3. Nf3 dxe4 4. Nxe4 Nf6 5. Nc3 g6 6. g3 Bg7 7. Bg2 O-O 8. O-O Nd5 9. Re1 Nd7 10. a4 N7f6 11. a5 Bg4 12. h3 Nxc3 13. bxc3 Bxf3 14. Qxf3 a6 15. Ra4 e6 16. c4 Nd7 17. d3 Bc3 18. Rd1 Bxa5 19. Bb2 Bc7 20. d4 Qf6 21. Qb3 Rab8 22.
h4 h5 23. Qe3 Rfd8 24. Ra3 Bb6 25. c5 Bxc5 26. dxc5 Qxb2 27. Rad3 a5 28. Rxd7 Rxd7 29. Rxd7 a4 30. Qf4 Qa1+ 31. Kh2 Rf8 32. Rxb7 a3 33.
Ra7 Qb2 34. Qa4 Rd8 35. Qxa3 Qxc2 36. Qf3 Rf8 37. Qe3 Rd8 38. Bxc6 Rd2 39. Kg2 Rd8 40. Be4 Qd1 41. Bf3 Qc2 42. c6 Rd3 43. Qf4 f5 44.
Qe5 Rxf3 45. Qg7# 1-0

[Event "Late-Titled-Tuesday-Blitz-April-30-2024"]
[Site "Chess.com"]
[Date "2024.04.30"]
[Round "2"]
[White "Charodej1"]
[Black "attack2mateU"]
[Result "0-1"]
[WhiteElo "2428"]
[BlackElo "2707"]
[TimeControl "180+1"]
[EndTime "14:18:42 PDT"]
[Termination "attack2mateU won by resignation"]

1. d4 Nf6 2. Nf3 g6 3. g3 Bg7 4. Bg2 O-O 5. O-O d5 6. c4 dxc4 7. Ne5 c5 8. dxc5 Qc7 9. Nxc4 Qxc5 10. Nba3 Nc6 11. Be3 Qh5 12. h4 Bg4 13. Re1 Rfd8 14. Qb3 Rab8 15. Qb5 Nd5 16. Rad1 a6 17. Qc5 Nxe3 18.
Qxh5 Bxh5 19. Nxe3 Bxb2 20. Rxd8+ Rxd8 21. Nac4 Bc3 22. Rc1 Nd4 23. Bf1 Bb4 24. g4 b5 25. Ne5 Bd2 26.
Rd1 Bxe3 27. fxe3 Nf3+ 28. exf3 Rxd1 29. gxh5 Ra1 30. hxg6 hxg6 31. Nc6 Rxa2 32. Nxe7+ Kf8 33. Nd5 Rb2 34. Nc7 Ra2 35. e4 b4 36. Nxa6 b3 37.
Nb4 b2 38. Bd3 Ra1+ 39. Kf2 Rd1 40. Bc2 Rd2+ 41. Ke3 Rxc2 42. Nxc2 b1=Q 0-1

[Event "Late-Titled-Tuesday-Blitz-April-30-2024"]
[Site "Chess.com"]
[Date "2024.04.30"]
[Round "2"]
[White "wannabe2700"]
[Black "superchess02"]
[Result "0-1"]
[WhiteElo "2573"]
[BlackElo "2856"]
[TimeControl "180+1"]
[EndTime "14:18:47 PDT"]
[Termination "superchess02 won by resignation"]

1. b3 d5 2. Bb2 c5 3. e3 a6 4. f4 Nc6 5. Be2 d4 6. Nf3 g6 7. Na3 Bg7 8. Nc4 b5 9. Nce5 Bb7 10. O-O Nh6 11. Nxc6 Bxc6 12. Ne5 Rc8 13. Nxc6 Rxc6 14. Bf3 Rd6 15. e4 e5 16. f5 Qg5 17. a4 O-O 18. axb5 axb5 19. Ra5 Rb8 20. Qe2 gxf5 21. Rxb5 Rc8 22. exf5 d3 23. cxd3 e4 24. Bxg7 exf3 25. Rxf3 Nxf5 26. Be5 Re6 27. Qe4 Ng7 28. d4 cxd4 29. Rg3 Rc1+ 30. Kf2 Qxd2+ 31. Qe2 Qxe2+ 32. Kxe2 f6 33. Rb8+ Kf7 34. Kd2 fxe5 35. Rb7+ Kf6 36. Kxc1 Nf5 37. Rg8 Rc6+ 38. Kd2 e4 39. Rf8+ Kg6 40.
g4 e3+ 41. Kd3 Rc3+ 42. Ke2 Rc2+ 43. Kd3 Rd2+ 0-1

[Event "Late-Titled-Tuesday-Blitz-April-30-2024"]
[Site "Chess.com"]
[Date "2024.04.30"]
[Round "2"]
[White "dasatcu90"]
[Black "mightysmasher"]
[Result "0-1"]
[WhiteElo "2209"]
[BlackElo "2537"]
[TimeControl "180+1"]
[EndTime "14:18:47 PDT"]
[Termination "mightysmasher won by resignation"]

1. d4 d5 2. Nf3 Nf6 3. e3 e6 4.
Bd3 Bd6 5. Nbd2 O-O 6. O-O b6 7. e4 dxe4 8. Nxe4 Nbd7 9. Bg5 Bb7 10. Qe2 h6 11. Bh4 Re8 12. Rad1 Qe7 13. Nxf6+ Nxf6 14. Ne5 c5 15. dxc5 Bxc5 16. Bb5 Red8 17. Nc6 Bxc6 18. Bxc6 Rac8 19. Bf3 Rxd1 20. Rxd1 Rd8 21. h3 g5 22. Bg3 Bd6 23. Bxd6 Rxd6 24. Rxd6 Qxd6 25. Qd1 Qe5 26. c3 Kg7 27. Qe2 Qf5 28. b3 Qf4 29. c4 Qd4 30. Qd1 Qb2 31. Qe2 Qxe2 32. Bxe2 Ne4 33. Bd3 Nc3 34.
a3 f5 35. Kf1 Kf6 36. Ke1 Ke5 37. Kd2 Kd4 38. f3 f4 39. Bc2 e5 40. Bf5 e4 41. fxe4 Nxe4+ 42. Bxe4 Kxe4 43. Ke2 h5 44. Kd2 g4 45. h4 f3 46. gxf3+ Kxf3 47. Ke1 Kg2 48.
b4 g3 49. c5 bxc5 50. bxc5 Kh2 51. c6 g2 52. c7 g1=Q+ 53. Kd2 Qc5 0-1